Selects Panzerjäger Kommand Battlegroup
Construct Light Support Kompanie
Selects GrB 39 Grenade Launcher Requisition
Construct Mechanized Kompanie
le.IG 18 Mechanized Group
Pak 38 Anti-tank Gun Team
Selects Blockade Equipment
Selects Defensive Positions
Construct Panzerarmee Kommand
Walking Stuka Rocket Launcher
Selects Butterfly Bomb Drop
18-tonne Recovery Half-track
254 Reconnaissance Tractor
Flak 36 Anti-tank Gun Team
Selects Crew Shock Tactics
Walking Stuka Rocket Launcher
Selects Elefant Tank Destroyer
18-tonne Recovery Half-track
18-tonne Recovery Half-track